| TOP OF THE 1ST |
|
Anderson Rebels batting - Pitching for Greenwood Grizzlies : RHP Dana Kiecker
|
|
Pitching: RHP Dana Kiecker
|
|
|
Batting: RHB Mike Gallego
|
0-0: Ball 1-0: Swinging Strike 1-1: Fly out, F9 (Line Drive, 9D, EV 93.1 MPH)
|
|
Batting: RHB Juan Blanco
|
0-0: Fly out, F3 (Popup, 3, EV 68.1 MPH)
|
|
Batting: RHB Henry Cotto
|
0-0: Called Strike 0-1: Ground out U3 (Groundball, 13, EV 81.9 MPH)
|
| Top of the 1st over - 0 runs, 0 hits, 0 errors, 0 left on base; Anderson 0 - Greenwood 0 |
| BOTTOM OF THE 1ST |
|
Greenwood Grizzlies batting - Pitching for Anderson Rebels : RHP Carlos Ruiz
|
|
Pitching: RHP Carlos Ruiz
|
|
|
Batting: RHB Dave Gallagher
|
0-0: Foul Ball, location: 2F 0-1: Ball 1-1: Foul Ball, location: 2F 1-2: SINGLE (Groundball, 56S, EV 70.0 MPH) (infield hit)
|
|
Batting: RHB Robert Weirum
|
0-0: Ball 1-0: Swinging Strike 1-1: SINGLE (Groundball, 56S, EV 69.4 MPH) (infield hit) Dave Gallagher to second
|
|
Batting: LHB Mike Greenwell
|
0-0: Ball 1-0: Swinging Strike 1-1: Foul Ball, location: 2F 1-2: Fly out, F9 (Line Drive, 9D, EV 110.6 MPH) Runner from 2nd tags up, SAFE at 3rd, no throw by RF
|
|
Batting: LHB Daryl Boston
|
0-0: Called Strike 0-1: Swinging Strike 0-2: Fly out, F5 (Popup, 5DF, EV 50.0 MPH)
|
|
Batting: RHB Jim Sherman
|
0-0: Ball 1-0: Foul Ball, location: 2F 1-1: Ball 2-1: Called Strike 2-2: Foul Ball, location: 2F 2-2: Strikes out swinging
|
| Bottom of the 1st over - 0 runs, 2 hits, 0 errors, 2 left on base; Anderson 0 - Greenwood 0 |
| TOP OF THE 2ND |
|
Anderson Rebels batting - Pitching for Greenwood Grizzlies : RHP Dana Kiecker
|
|
Batting: RHB Larry See
|
0-0: Ball 1-0: Swinging Strike 1-1: Ball 2-1: Fly out, F7 (Line Drive, 7, EV 100.0 MPH)
|
|
Batting: RHB Todd Demeter
|
0-0: Ball 1-0: Ball 2-0: Ball 3-0: Called Strike 3-1: Called Strike 3-2: Foul Ball, location: 2F 3-2: Fly out, F8 (Flyball, 8RS, EV 94.4 MPH)
|
|
Batting: RHB Steve Lombardozzi
|
0-0: Swinging Strike 0-1: Ball 1-1: Ball 2-1: Ball 3-1: Foul Ball, location: 2F 3-2: Fly out, F6 (Flyball, 56D, EV 92.5 MPH)
|
| Top of the 2nd over - 0 runs, 0 hits, 0 errors, 0 left on base; Anderson 0 - Greenwood 0 |
| BOTTOM OF THE 2ND |
|
Greenwood Grizzlies batting - Pitching for Anderson Rebels : RHP Carlos Ruiz
|
|
Batting: RHB Wes Wesley
|
0-0: Swinging Strike 0-1: Ball 1-1: Foul Ball, location: 2F 1-2: Ball 2-2: Fly out, F7 (Flyball, 7, EV 84.4 MPH)
|
|
Batting: RHB Frank Castro
|
0-0: Swinging Strike 0-1: Ball 1-1: Ball 2-1: Foul Ball, location: 2F 2-2: Ground out 4-3 (Groundball, 4, EV 85.6 MPH)
|
|
Batting: RHB Leon Doak
|
0-0: Called Strike 0-1: Ball 1-1: Ball 2-1: Foul Ball, location: 2F 2-2: SINGLE (Line Drive, 7S, EV 104.4 MPH)
|
|
Batting: RHB Timothy Hume
|
0-0: Ball 1-0: Called Strike 1-1: Foul Ball, location: 2F 1-2: Fly out, F8 (Line Drive, 8RM, EV 93.8 MPH)
|
| Bottom of the 2nd over - 0 runs, 1 hit, 0 errors, 1 left on base; Anderson 0 - Greenwood 0 |
| TOP OF THE 3RD |
|
Anderson Rebels batting - Pitching for Greenwood Grizzlies : RHP Dana Kiecker
|
|
Batting: RHB Guillermo Montiel
|
0-0: Ball 1-0: Foul Ball, location: 2F 1-1: Ground out 4-3 (Groundball, 4, EV 81.9 MPH)
|
|
Batting: RHB Jose Bernhardt
|
0-0: Ball 1-0: SOLO HOME RUN (Flyball, 7D, EV 86.9 MPH), Distance : 358 ft
|
|
Batting: LHB Tad Venger
|
0-0: Ball 1-0: Fly out, F7 (Flyball, 7D, EV 103.1 MPH)
|
|
Batting: RHB Mike Gallego
|
0-0: Called Strike 0-1: Ball 1-1: Fly out, F8 (Flyball, 89D, EV 86.3 MPH)
|
| Top of the 3rd over - 1 run, 1 hit, 0 errors, 0 left on base; Anderson 1 - Greenwood 0 |
| BOTTOM OF THE 3RD |
|
Greenwood Grizzlies batting - Pitching for Anderson Rebels : RHP Carlos Ruiz
|
|
Batting: RHB Dave Gallagher
|
0-0: Called Strike 0-1: Ball 1-1: Fly out, F4 (Popup, 13S, EV 93.1 MPH)
|
|
Batting: RHB Robert Weirum
|
0-0: Called Strike 0-1: Ground out 6-3 (Groundball, 6, EV 89.4 MPH)
|
|
Batting: LHB Mike Greenwell
|
0-0: Foul Ball, location: 2F 0-1: Ball 1-1: Ball 2-1: Foul Ball, location: 2F 2-2: Ball 3-2: Foul Ball, location: 2F 3-2: SINGLE (Line Drive, 7S, EV 96.3 MPH)
|
|
Batting: LHB Daryl Boston
|
0-0: Ball 1-0: Ball 2-0: Ball 3-0: Called Strike 3-1: Ground out 6-3 (Groundball, 6S, EV 68.8 MPH)
|
| Bottom of the 3rd over - 0 runs, 1 hit, 0 errors, 1 left on base; Anderson 1 - Greenwood 0 |
| TOP OF THE 4TH |
|
Anderson Rebels batting - Pitching for Greenwood Grizzlies : RHP Dana Kiecker
|
|
Batting: RHB Juan Blanco
|
0-0: Called Strike 0-1: Ball 1-1: Ball 2-1: SINGLE (Groundball, 56, EV 97.5 MPH)
|
|
Batting: RHB Henry Cotto
|
0-0: Ball 1-0: Ball 2-0: 2-RUN HOME RUN (Flyball, 7D, EV 100.0 MPH), Distance : 354 ft
|
|
Batting: RHB Larry See
|
0-0: Ground out 6-3 (Groundball, 6, EV 80.6 MPH)
|
|
Batting: RHB Todd Demeter
|
0-0: Called Strike 0-1: Swinging Strike 0-2: Foul Ball, location: 2F 0-2: SOLO HOME RUN (Flyball, 7D, EV 96.3 MPH), Distance : 360 ft
|
|
Batting: RHB Steve Lombardozzi
|
0-0: Fly out, F8 (Flyball, 8RS, EV 83.1 MPH)
|
|
Batting: RHB Guillermo Montiel
|
0-0: Ball 1-0: Ball 2-0: Called Strike 2-1: Ball 3-1: Called Strike 3-2: Base on Balls
|
|
Batting: RHB Jose Bernhardt
|
0-0: Swinging Strike 0-1: Ball 1-1: Called Strike 1-2: Foul Ball, location: 2F 1-2: DOUBLE (Groundball, 5L, EV 109.4 MPH) Guillermo Montiel to third Runner from 3rd tries for Home, SAFE, throw by LF to home
|
|
Batting: LHB Tad Venger
|
0-0: Called Strike 0-1: Called Strike 0-2: Strikes out swinging
|
| Top of the 4th over - 4 runs, 4 hits, 0 errors, 1 left on base; Anderson 5 - Greenwood 0 |
| BOTTOM OF THE 4TH |
|
Greenwood Grizzlies batting - Pitching for Anderson Rebels : RHP Carlos Ruiz
|
|
Batting: RHB Jim Sherman
|
0-0: Foul Ball, location: 2F 0-1: Ball 1-1: Ground out 6-3 (Groundball, 6, EV 84.4 MPH)
|
|
Batting: RHB Wes Wesley
|
0-0: Called Strike 0-1: Ball 1-1: Swinging Strike 1-2: Ground out 6-3 (Groundball, 6, EV 99.4 MPH)
|
|
Batting: RHB Frank Castro
|
0-0: Swinging Strike 0-1: Swinging Strike 0-2: Ball 1-2: SINGLE (Popup, 4MD, EV 54.4 MPH)
|
|
Batting: RHB Leon Doak
|
0-0: Ball 1-0: Ball 2-0: Called Strike 2-1: Ball 3-1: Foul Ball, location: 2F 3-2: Fly out, F3 (Popup, 3SF, EV 73.8 MPH)
|
| Bottom of the 4th over - 0 runs, 1 hit, 0 errors, 1 left on base; Anderson 5 - Greenwood 0 |
| TOP OF THE 5TH |
|
Anderson Rebels batting - Pitching for Greenwood Grizzlies : RHP Dana Kiecker
|
|
Batting: RHB Mike Gallego
|
0-0: Swinging Strike 0-1: Foul Ball, location: 2F 0-2: Strikes out swinging
|
|
Batting: RHB Juan Blanco
|
0-0: Called Strike 0-1: Fly out, F9 (Line Drive, 89S, EV 105.0 MPH)
|
|
Batting: RHB Henry Cotto
|
0-0: Fly out, F8 (Flyball, 8LS, EV 94.4 MPH)
|
| Top of the 5th over - 0 runs, 0 hits, 0 errors, 0 left on base; Anderson 5 - Greenwood 0 |
| BOTTOM OF THE 5TH |
|
Greenwood Grizzlies batting - Pitching for Anderson Rebels : RHP Carlos Ruiz
|
|
Batting: RHB Timothy Hume
|
0-0: Ball 1-0: Foul Ball, location: 2F 1-1: Ball 2-1: Foul Ball, location: 2F 2-2: Foul Ball, location: 2F 2-2: Ball 3-2: SINGLE (Line Drive, 89S, EV 85.6 MPH)
|
|
Batting: RHB Dave Gallagher
|
0-0: Called Strike 0-1: Ball 1-1: Ball 2-1: Swinging Strike 2-2: Ball 3-2: Grounds into double play, 4-6-3 (Groundball, 34, EV 81.9 MPH)
|
|
Batting: RHB Robert Weirum
|
0-0: Called Strike 0-1: Ball 1-1: Ball 2-1: Ball 3-1: Foul Ball, location: 2F 3-2: Base on Balls
|
|
Batting: LHB Mike Greenwell
|
0-0: Foul Ball, location: 2F 0-1: Fly out, F8 (Line Drive, 8RM, EV 95.0 MPH)
|
| Bottom of the 5th over - 0 runs, 1 hit, 0 errors, 1 left on base; Anderson 5 - Greenwood 0 |
| TOP OF THE 6TH |
|
Anderson Rebels batting - Pitching for Greenwood Grizzlies : RHP Dana Kiecker
|
|
Pitching: RHP Timothy Spaulding
|
|
|
Batting: RHB Larry See
|
0-0: Hit by Pitch
|
|
Batting: RHB Todd Demeter
|
0-0: Foul Ball, location: 2F 0-1: Foul Ball, location: 2F 0-2: Strikes out looking
|
|
Batting: RHB Steve Lombardozzi
|
0-0: Ball 1-0: SINGLE (Line Drive, 8RS, EV 93.8 MPH) Larry See to second
|
|
Batting: RHB Guillermo Montiel
|
0-0: Ball 1-0: Ball 2-0: Ball 3-0: Base on Balls Larry See to third Steve Lombardozzi to second
|
|
Batting: RHB Jose Bernhardt
|
0-0: Called Strike 0-1: Ball 1-1: DOUBLE (Line Drive, 5D, EV 110.6 MPH) Larry See scores Steve Lombardozzi scores Guillermo Montiel to third
|
|
Batting: LHB Tad Venger
|
0-0: Called Strike 0-1: Fly out, F6 (Flyball, 56D, EV 95.6 MPH)
|
|
Batting: RHB Mike Gallego
|
0-0: Ball 1-0: Called Strike 1-1: Called Strike 1-2: Ground out 4-3 (Groundball, 4M, EV 87.5 MPH)
|
| Top of the 6th over - 2 runs, 2 hits, 0 errors, 2 left on base; Anderson 7 - Greenwood 0 |
| BOTTOM OF THE 6TH |
|
Greenwood Grizzlies batting - Pitching for Anderson Rebels : RHP Carlos Ruiz
|
|
Batting: LHB Daryl Boston
|
0-0: Ball 1-0: Ball 2-0: Ball 3-0: Called Strike 3-1: Base on Balls
|
|
Batting: RHB Jim Sherman
|
0-0: Ball 1-0: Foul Ball, location: 2F 1-1: Ball 2-1: SINGLE (Groundball, 6MD, EV 104.4 MPH) Daryl Boston to second
|
|
Batting: RHB Wes Wesley
|
0-0: Grounds into double play, 5-4-3 (Groundball, 56, EV 91.3 MPH) Daryl Boston to third
|
|
Batting: RHB Frank Castro
|
0-0: Called Strike 0-1: Called Strike 0-2: Ball 1-2: Strikes out looking
|
| Bottom of the 6th over - 0 runs, 1 hit, 0 errors, 1 left on base; Anderson 7 - Greenwood 0 |
| TOP OF THE 7TH |
|
Anderson Rebels batting - Pitching for Greenwood Grizzlies : RHP Timothy Spaulding
|
|
Batting: RHB Juan Blanco
|
0-0: Called Strike 0-1: Ball 1-1: Ball 2-1: SINGLE (Groundball, 6MD, EV 99.4 MPH)
|
|
Pinch Hitting: LHB Eli Aldridge
|
0-0: Ball 1-0: Ball 2-0: Foul Ball, location: 2F 2-1: Ball 3-1: Base on Balls Juan Blanco to second
|
|
Batting: RHB Larry See
|
0-0: Reached on error, E5 (Groundball, 56, EV 107.5 MPH) Juan Blanco to third Eli Aldridge to second
|
|
Pinch Hitting: RHB Kyle Hawthorne
|
0-0: Fly out, F6 (Popup, 6M, EV 48.8 MPH)
|
|
Batting: RHB Steve Lombardozzi
|
0-0: Grounds into double play, 3-6-3 (Groundball, 34S, EV 86.9 MPH)
|
| Top of the 7th over - 0 runs, 1 hit, 1 error, 2 left on base; Anderson 7 - Greenwood 0 |
| BOTTOM OF THE 7TH |
|
Greenwood Grizzlies batting - Pitching for Anderson Rebels : RHP Carlos Ruiz
|
|
Now at 1B: Kyle Hawthorne
|
|
|
Now in RF: James Beck
|
|
|
Pinch Hitting: RHB Michael White
|
0-0: Ball 1-0: Called Strike 1-1: Foul Ball, location: 2F 1-2: Ball 2-2: Strikes out swinging
|
|
Batting: RHB Timothy Hume
|
0-0: Swinging Strike 0-1: Ball 1-1: Foul Ball, location: 2F 1-2: Ground out 3-1 (Groundball, 34, EV 108.1 MPH)
|
|
Batting: RHB Dave Gallagher
|
0-0: Ball 1-0: Ball 2-0: Ball 3-0: Called Strike 3-1: Called Strike 3-2: Base on Balls
|
|
Pinch Hitting: RHB James Wilson
|
0-0: Called Strike 0-1: Ball 1-1: Called Strike 1-2: Strikes out swinging
|
| Bottom of the 7th over - 0 runs, 0 hits, 0 errors, 1 left on base; Anderson 7 - Greenwood 0 |
| TOP OF THE 8TH |
|
Anderson Rebels batting - Pitching for Greenwood Grizzlies : RHP Timothy Spaulding
|
|
Now at 2B: James Wilson
|
|
|
Now in RF: Michael White
|
|
|
Batting: RHB Guillermo Montiel
|
0-0: Ball 1-0: Foul Ball, location: 2F 1-1: Foul Ball, location: 2F 1-2: Strikes out swinging
|
|
Batting: RHB Jose Bernhardt
|
0-0: Called Strike 0-1: Ground out 6-3 (Groundball, 6D, EV 90.0 MPH)
|
|
Batting: LHB Tad Venger
|
0-0: Called Strike 0-1: Foul Ball, location: 2F 0-2: Fly out, F8 (Flyball, 78XD, EV 105.6 MPH)
|
| Top of the 8th over - 0 runs, 0 hits, 0 errors, 0 left on base; Anderson 7 - Greenwood 0 |
| BOTTOM OF THE 8TH |
|
Greenwood Grizzlies batting - Pitching for Anderson Rebels : RHP Carlos Ruiz
|
|
Pitching: RHP William Klank
|
|
|
Batting: LHB Mike Greenwell
|
0-0: Foul Ball, location: 2F 0-1: Ball 1-1: Ball 2-1: Fly out, F7 (Flyball, 7LS, EV 74.4 MPH)
|
|
Pinch Hitting: RHB George Chadwick
|
0-0: Ball 1-0: Ball 2-0: Called Strike 2-1: Ground out 5-3 (Groundball, 5L, EV 81.9 MPH)
|
|
Batting: RHB Jim Sherman
|
0-0: Ball 1-0: Ball 2-0: Called Strike 2-1: Ground out 5-3 (Groundball, 5S, EV 90.6 MPH)
|
| Bottom of the 8th over - 0 runs, 0 hits, 0 errors, 0 left on base; Anderson 7 - Greenwood 0 |
| TOP OF THE 9TH |
|
Anderson Rebels batting - Pitching for Greenwood Grizzlies : RHP Timothy Spaulding
|
|
Now in CF: George Chadwick
|
|
|
Batting: RHB Mike Gallego
|
0-0: Foul Ball, location: 2F 0-1: Foul Ball, location: 2F 0-2: Foul Ball, location: 2F 0-2: Ball 1-2: Ball 2-2: Foul Ball, location: 2F 2-2: DOUBLE (Line Drive, 7LS, EV 109.4 MPH)
|
|
Batting: RHB Juan Blanco
|
0-0: Ground out 5-3 (Groundball, 56, EV 106.3 MPH)
|
|
Batting: LHB James Beck
|
0-0: Fly out, F8 (Flyball, 8LXD, EV 105.0 MPH) Runner from 2nd tags up, SAFE at 3rd, no throw by CF
|
|
Batting: RHB Larry See
|
0-0: Foul Ball, location: 2F 0-1: Ball 1-1: Called Strike 1-2: Fly out, F7 (Line Drive, 7D, EV 106.9 MPH)
|
| Top of the 9th over - 0 runs, 1 hit, 0 errors, 1 left on base; Anderson 7 - Greenwood 0 |
| BOTTOM OF THE 9TH |
|
Greenwood Grizzlies batting - Pitching for Anderson Rebels : RHP William Klank
|
|
Batting: RHB Wes Wesley
|
0-0: Called Strike 0-1: Ground out 4-3 (Groundball, 4, EV 96.3 MPH)
|
|
Batting: RHB Frank Castro
|
0-0: Ball 1-0: Ground out 4-3 (Groundball, 4MD, EV 82.5 MPH)
|
|
Batting: RHB Michael White
|
0-0: Fly out, F4 (Popup, 4S, EV 87.5 MPH)
|
| Bottom of the 9th over - 0 runs, 0 hits, 0 errors, 0 left on base; Anderson 7 - Greenwood 0 |
|